 Dungeon Crawl Stone Soup version 0.17.0-24-gcfadda4 (webtiles) character file.

14852556 SaintRoka the Conqueror (level 27, 354/354 HPs)
             Began as a Hill Orc Transmuter on Nov 16, 2015.
             Was the Champion of Cheibriados.
             Escaped with the Orb
             ... and 15 runes on Nov 17, 2015!
             The game lasted 07:24:32 (106867 turns).

SaintRoka the Conqueror (Hill Orc Transmuter)     Turns: 106867, Time: 07:24:33

Health: 354/354    AC: 43    Str: 43    XL:     27
Magic:  47/65      EV: 53    Int: 38    God:    Cheibriados [******]
Gold:   10175      SH:  2    Dex: 33    Spells: 16 memorised, 0 levels left

rFire  + + .     SeeInvis .       - Unarmed
rCold  . . .     Clarity  .     (armour currently unavailable)
rNeg   + + +     SustAt   .     (no shield)
rPois  ∞         Gourm    .     T - +0 helmet of Impermeability {rElec rF+ Dex+4}
rElec  +         Spirit   .     j - +4 dragonskin cloak
rCorr  .         Warding  .     (gloves currently unavailable)
rMut   +         Stasis   .     (boots currently unavailable)
MR     +++..                    w - amulet of Xom's Hope {rMut rPois}
Stlth  +.........               z - ring of the Frog {rF+ MP+9}
                                t - ring of the Will of the Gods {rN+ MR+ MP+9}

@: mighty, brilliant, agile, statue-form, phasing, stone skin, very slow,
extremely resistant to hostile enchantments, very unstealthy
A: large bone plates 1
a: End Transformation, Bend Time, Temporal Distortion, Slouch, Step From Time,
Renounce Religion
0: Orb of Zot
}: 15/15 runes: decaying, slimy, silver, golden, iron, obsidian, icy, bone,
abyssal, demonic, glowing, magical, fiery, dark, gossamer


You escaped.
You worshipped Cheibriados.
Cheibriados was exalted by your worship.
You were not hungry.
You were a stone statue.
You visited 18 branches of the dungeon, and saw 95 of its levels.
You visited Pandemonium 3 times, and saw 39 of its levels.
You visited the Abyss 3 times.
You also visited: Labyrinth, Ice Cave and Wizlab.

You collected 14348 gold pieces.
You spent 4173 gold pieces at shops.

Inventory:

Hand Weapons
 g - the +8 lance "Wyrmbane" {slay drac, +Rage rPois rF+ AC+5}
   (You found it on level 3 of the Tomb of the Ancients)

   It affects your AC (+5).
   It protects you from fire.
   It protects you from poison.
   It lets you go berserk.
 p - the +9 Staff of Wucad Mu {channel}
   (You took it off a necromancer on level 3 of the Crypt)
Missiles
 m - 8 throwing nets (quivered)
Armour
 i - a +2 cloak of invisibility
 j - the +4 dragonskin cloak (worn)
   (You took it off Tiamat on level 2 of the Realm of Zot)
 I - a +1 pair of gloves of dexterity (melded)
 K - a +2 pair of boots of flying (melded)
 Q - a +6 gold dragon armour (melded)
 T - the +0 helmet of Impermeability (worn) {rElec rF+ Dex+4}
   (You found it on level 11 of the Dungeon)

   It affects your dexterity (+4).
   It protects you from fire.
   It insulates you from electricity.
Magical Staves
 b - an uncursed staff of wizardry
Jewellery
 o - the amulet of Vitality {Regen+ HP+15}
   (You took it off a greater mummy on level 1 of the Crypt)

   [amulet of regeneration]

   It affects your health (+15).
   It increases your rate of regeneration.
 q - an uncursed ring of protection from cold
 s - the amulet of the Evil One {Clar rElec MR++ MP-9 SInv}
   (You found it on level 7 of Tartarus)

   [amulet of clarity]

   It provides mental clarity.
   It insulates you from electricity.
   It affects your resistance to hostile enchantments.
   It affects your magic capacity (-9).
   It lets you see invisible.
 t - the ring of the Will of the Gods (left hand) {rN+ MR+ MP+9}
   (You found it in a wizard's laboratory)

   [ring of protection from magic]

   It protects you from negative energy.
   It affects your resistance to hostile enchantments.
   It affects your magic capacity (+9).
 w - the amulet of Xom's Hope (around neck) {rMut rPois}
   (You found it on level 4 of the Depths)

   [amulet of resist mutation]

   It protects you from mutation.
   It protects you from poison.
 y - the ring of the Leaf {Int+5 Stlth+}
   (You found it in a wizard's laboratory)

   [ring of stealth]

   It affects your intelligence (+5).
   It makes you more stealthy.
 z - the ring of the Frog (right hand) {rF+ MP+9}
   (You took it off a deep elf death mage on level 3 of the Elven Halls)

   [ring of magical power]

   It protects you from fire.
   It affects your magic capacity (+9).
 H - the ring "Noohastrism" {Ice MR+ Int+6}
   (You found it on level 3 of the Realm of Zot)

   [ring of ice]

   It enhances your ice magic, and weakens your fire magic.
   It affects your intelligence (+6).
   It makes you vulnerable to fire.
   It protects you from cold.
   It affects your resistance to hostile enchantments.
 L - the amulet "Likonaj" {rCorr rElec rPois Str+3 Dex-4}
   (You took it off a deep elf annihilator on level 5 of the Vaults)

   [amulet of resist corrosion]

   It protects you from acid and corrosion.
   It affects your strength (+3).
   It affects your dexterity (-4).
   It insulates you from electricity.
   It protects you from poison.
 R - an uncursed ring of see invisible
 S - an uncursed amulet of stasis
 Y - an uncursed ring of teleportation
Wands
 d - a wand of teleportation (2)
 e - a wand of teleportation (4)
 h - a wand of digging (6)
 u - a wand of fire (9)
 D - a wand of disintegration (4)
Scrolls
 a - 4 scrolls of fog
 c - 32 scrolls of identify
 l - 11 scrolls of recharging
 n - 16 scrolls of immolation
 F - 27 scrolls of remove curse
 M - 2 scrolls of amnesia
 N - 7 scrolls of fear
 P - 5 scrolls of blinking
 U - 3 scrolls of holy word
 W - 2 scrolls of summoning
 X - 3 scrolls of magic mapping
Potions
 f - 3 potions of brilliance
 k - 3 potions of might
 r - 3 potions of agility
 A - 7 potions of magic
 B - 2 potions of heal wounds
 G - 7 potions of cancellation
 J - 21 potions of curing
 O - a potion of resistance
 Z - 4 potions of cure mutation
Books
 v - a Necronomicon

   Spells                             Type                      Level
   a - Haunt                          Necromancy/Summoning         7
   b - Borgnjor's Revivification      Necromancy                   8
   c - Death's Door                   Charms/Necromancy            8
   d - Necromutation                  Transmutation/Necromancy     8
Comestibles
 x - 21 bread rations
 E - 20 meat rations


   Skills:
 O Level 27 Fighting
 O Level 27 Armour
 - Level 24.7 Dodging
 O Level 27 Unarmed Combat
 - Level 20.1 Spellcasting
 - Level 10.3 Hexes
 - Level 7.6 Charms
 + Level 20.4 Necromancy
 - Level 10.2 Translocations
 - Level 20.4 Transmutations
 - Level 8.1 Air Magic
 - Level 11.2 Earth Magic
   Level 5.4 Poison Magic
 - Level 12.2 Invocations
 - Level 11.5 Evocations


You couldn't memorise any spells.
You knew the following spells:

 Your Spells              Type           Power        Failure   Level  Hunger
a - Apportation           Tloc           #######...   0%          1    None
b - Summon Butterflies    Summ           ######..     1%          1    None
c - Lee's Rapid Deconstr  Erth           #######...   1%          5    None
d - Blade Hands           Trmt           ########..   0%          5    None
e - Repel Missiles        Chrm/Air       ######       1%          2    None
f - Statue Form           Trmt/Erth      ########.    1%          6    None
g - Stoneskin             Trmt/Erth      ########     0%          2    None
h - Dragon Form           Trmt           ########..   1%          7    None
i - Blink                 Tloc           N/A          0%          2    None
j - Phase Shift           Tloc           #######...   1%          5    None
k - Passage of Golubria   Tloc           N/A          1%          4    None
l - Necromutation         Trmt/Necr      ########..   1%          8    ###....
m - Silence               Hex/Air        #######...   1%          5    None
n - Sublimation of Blood  Necr           ########..   0%          2    None
o - Borgnjor's Revivific  Necr           ########..   1%          8    ###....
r - Regeneration          Chrm/Necr      ########..   0%          3    None


Dungeon Overview and Level Annotations

Branches:
Dungeon (15/15)            Temple (1/1) D:5            Lair (8/8) D:10
  Swamp (4/4) Lair:3       Spider (4/4) Lair:3        Slime (6/6) Lair:6
    Orc (4/4) D:10            Elf (3/3) Orc:4        Vaults (5/5) D:13
  Crypt (3/3) Vaults:3       Tomb (3/3) Crypt:3      Depths (5/5) D:15
   Hell (1/1)                 Dis (7/7) Hell            Geh (7/7) Hell
    Coc (7/7) Hell            Tar (7/7) Hell            Zot (5/5) Depths:5

Altars:
Ashenzari
Cheibriados
Dithmenos
Elyvilon
Fedhas
Gozag
Kikubaaqudgha
Makhleb
Nemelex Xobeh
Okawaru
Qazlal
Ru
Sif Muna
Trog
Vehumet
Xom
Yredelemnul
Zin
The Shining One
Beogh
Jiyva

Shops:
D:2 *   D:12 ?(*[   Orc:4 :*(?   Elf:1 :   Elf:3 *   Vaults:2 !   Depths:1 %

Portals:
Hell: Depths:1 Depths:2 Depths:3 Depths:4 Depths:5
Abyss: Depths:3 Depths:4
Pandemonium: Depths:3
Ziggurat: Depths:1

Annotations:
D:4 exclusion: oklob plant
Orc:1 1 exclusion
Elf:2 3 runed doors
Depths:5 1 exclusion
Dis:7 Serpent of
Hell
Coc:7 exclusion: ice statue


Innate Abilities, Weirdness & Mutations

(You are partially covered in large bone plates (AC +2, SH +2).)


Message History

Your +1 pair of gloves of dexterity unmelds from your body.
Your +2 pair of boots of flying unmelds from your body.
Your +6 gold dragon armour unmelds from your body.
You feel oddly protected from the elements.
You feel agile.
You turn into a living statue of rough stone.
Your +1 pair of gloves of dexterity melds into your body.
Your +2 pair of boots of flying melds into your body.
Your +6 gold dragon armour melds into your body.
You feel clumsy.
Unknown command.
Unknown command.
You feel the strange sensation of being on two planes at once.
Unknown command.
Your stone body feels more resilient.
Unknown command.
Drink which item? (? for menu, Esc to quit)
Okay, then.
Unknown command.
You have escaped!

............................#
.......###..................#####
.......# #...#.......#...........
.####### ##.###.....###.#.#######
...# #..#.......#..........# ...#
#.....................# ...#
#......#>.....#.......# ...#
#....)###.....#.......# ...#
#....(8#......#.###+### ...#
##....(..).....#.# #.... ...#
#...#.......#....####### ...#
#..###.....###.......... ...#
#...#.......#...######## ...#
#..............#........ ####
#.##############.#######
#..............#.#
####.######......#######


There were no monsters in sight!

Vanquished Creatures
  Cerebov (Pan)
  Antaeus (Coc:7)
  Asmodeus (Geh:7)
  the royal jelly (Slime:6)
  Ereshkigal (Tar:7)
  Gloorx Vloq (Pan)
  Mnoleg (Pan)
  A seraph (Pan)
  Lom Lobon (Pan)
  13 ancient liches
  Dispater (Dis:7)
  Tiamat (Zot:2)
  Khufu (Crypt:1)
  8 orbs of fire
  Mennas (Pan)
  11 greater mummies
  Boris (twice) (Crypt:1 Tomb:3)
  16 pandemonium lords
  10 shard shrikes
  Norris (Depths:3)
  Saint Roka (Vaults:4)
  4 curse toes
  2 Killer Klowns (Zot:5)
  Geryon (Hell)
  Nikola (Depths:3)
  8 golden dragons
  Xtahua (Vaults:4)
  9 bone dragons
  17 liches
  Jorgrun (Depths:4)
  40 Brimstone Fiends
  5 electric golems
  14 Hell Sentinels
  20 Ice Fiends
  23 tentacled monstrosities
  29 Orb Guardians
  Asterion (Spider:3)
  A moon troll (WizLab)
  39 Shadow Fiends
  8 titans
  2 deep elf master archers (Elf:3)
  2 deep elf blademasters (Elf:3)
  A quicksilver dragon (shapeshifter) (Depths:4)
  6 death cobs
  Murray (Hell)
  An octopode crusher (Depths:2)
  3 quicksilver dragons
  16 sphinxes
  15 acid blobs
  2 sphinxes (shapeshifter) (Depths:4)
  43 Executioners
  12 ancient champions
  7 eldritch tentacles
  8 tentacled starspawn
  A tengu reaver (Vaults:5)
  Kirke (D:15)
  11 storm dragons
  73 large abominations
  A shadow dragon (shapeshifter) (Depths:4)
  11 shadow dragons
  3 revenants
  6 draconian monks
  5 frost giants
  12 daevas
  9 azure jellies
  Donald (Orc:3)
  Maud (D:11)
  7 deep elf sorcerers
  2 draconian knights
  4 draconian zealots
  An orc warlord (Orc:3)
  2 draconian scorchers
  4 iron dragons
  Aizul (Vaults:4)
  48 balrugs
  21 vault wardens
  7 ghost moths
  19 fire giants
  6 curse skulls
  20 warmongers
  39 cacodemons
  12 ironheart preservers
  7 draconian shifters
  7 emperor scorpions
  22 angels (Pan)
  57 reapers
  2 ghouls (Crypt:2)
  7 draconian annihilators
  14 ophanim (Pan)
  13 war gargoyles
  6 vampire knights
  A juggernaut skeleton (Depths:3)
  16 very ugly things
  A draconian caller (Zot:1)
  9 blood saints (Pan)
  5 salamander firebrands
  4 elemental wellsprings
  16 apis (Pan)
  14 corrupters
  A stone giant (shapeshifter) (Depths:4)
  21 stone giants
  13 chaos champions (Pan)
  12 black draconians
  6 green draconians
  24 lorocyprocas
  The ghost of ketsa the Cleaver, a journeyman DsAK of Lugonu (Lair:4)
  8 white draconians
  14 deep elf annihilators
  6 mottled draconians
  8 deep elf demonologists
  4 salamander stormcallers
  11 black suns (Pan)
  18 red draconians
  14 yellow draconians
  9 purple draconians
  14 bennus
  33 green deaths
  A minotaur (Lab)
  28 blizzard demons
  16 mummy priests
  14 yaktaur captains
  12 deep elf death magi
  14 eidola
  9 ettins
  3 death oozes (Slime:6)
  4 jiangshi
  The ghost of UristPineapples the Cleaver, a journeyman MiBe of Trog (D:15)
  29 vault guards
  13 crystal guardians
  A kraken zombie (Coc:7)
  5 deep elf high priests
  4 quicksilver dragon zombies
  17 fire dragons
  2 entropy weavers
  17 hydras
  Harold (Orc:3)
  19 great orbs of eyes
  4 rakshasas
  5 quicksilver dragon skeletons
  4 ghost crabs
  7 hell beasts
  A hydra (shapeshifter) (Depths:4)
  11 centaur warriors
  38 ice dragons
  Erolcha (Orc:2)
  14 monstrous demonspawn (Pan)
  3 spriggan air magi
  17 ogre magi
  Erica (D:9)
  3 death knights
  The ghost of Aelig the Archer, a journeyman HEHu of Zin (Orc:2)
  5 alligators
  3 catoblepae
  11 deep troll shamans
  A satyr (shapeshifter) (Vaults:5)
  18 dancing weapons
  7 deep troll earth magi
  8 tengu warriors
  9 vampire magi
  5 orc high priests (Orc:4)
  5 death yaks
  24 hell hogs
  An alligator (shapeshifter) (Depths:4)
  Urug (Lair:4)
  48 soul eaters
  4 spriggan berserkers
  7 titan zombies
  Nergalle (Lair:2)
  5 storm dragon zombies
  A fire crab (Vaults:3)
  7 iron golems
  93 sun demons
  10 wretched stars
  9 thrashing horrors (Abyss:2)
  70 hell knights
  9 death scarabs
  113 skeletal warriors
  4 iron trolls
  7 titan skeletons
  A fire crab (shapeshifter) (Vaults:4)
  2 salamander mystics (Depths:3)
  4 storm dragon skeletons
  6 golden dragon zombies
  A ball lightning (Pan)
  16 deep elf knights
  43 ice devils
  2 quicksilver dragon simulacra
  2 unseen horrors
  7 anaconda zombies
  22 deep trolls
  An unseen horror (shapeshifter) (Depths:1)
  10 cherubim (Pan)
  An orange crystal statue (WizLab)
  7 shadow wraiths
  12 giant orange brains
  A spriggan druid (Swamp:1)
  20 putrid demonspawn (Pan)
  3 ghost moth zombies
  9 hill giants
  A shambling mangrove (Swamp:2)
  3 shadow dragon zombies
  23 gelid demonspawn (Pan)
  A kraken simulacrum (Hell)
  8 deep elf summoners
  3 obsidian statues (Depths:4)
  3 golden dragon skeletons
  5 swamp dragons
  21 shadow demons
  4 harpies (Vaults:2)
  17 infernal demonspawn (Pan)
  9 ironbrand convokers
  10 flayed ghosts
  34 necromancers
  21 torturous demonspawn
  33 wolf spiders
  16 deep elf conjurers
  10 anaconda skeletons
  29 anubis guards
  18 orc knights
  6 wolf spider zombies
  5 iron dragon zombies
  A hornet (shapeshifter) (D:15)
  80 ugly things
  29 phantasmal warriors
  58 sixfirhies
  A cyclops (shapeshifter) (Depths:4)
  5 orc sorcerers
  12 orb spiders
  10 stone giant zombies
  A mana viper (shapeshifter) (Vaults:4)
  6 cyclopes
  7 fire giant zombies
  A worldbinder (Abyss:2)
  6 hornets
  12 wizards
  3 shadow dragon skeletons
  An elephant (shapeshifter) (Depths:4)
  2 manticores
  6 frost giant zombies
  4 shining eyes
  81 smoke demons
  A centaur zombie (D:13)
  14 elephants
  13 salamanders
  6 frost giant skeletons
  27 moths of wrath
  13 griffons
  2 iron dragon skeletons
  10 stone giant skeletons
  Maurice (Orc:3)
  3 shock serpent zombies
  4 black mambas
  Joseph (D:8)
  6 fire giant skeletons
  26 rust devils
  4 ice statues
  An octopode (shapeshifter) (Depths:2)
  14 vault sentinels
  4 dire elephant zombies
  A titan simulacrum (Coc:1)
  10 eyes of devastation
  3 dire elephant skeletons
  4 centaur skeletons
  5 molten gargoyles
  8 gargoyles
  A catoblepas zombie (Crypt:3)
  5 torpor snails
  A shock serpent skeleton (Crypt:1)
  4 kobold demonologists
  47 orange demons
  2 spiny frogs (shapeshifter)
  10 komodo dragons
  44 hellions
  4 emperor scorpion zombies
  2 fire drakes
  50 yaktaurs
  39 tormentors
  19 spiny frogs
  An ancient zyme (Abyss:2)
  23 efreet
  60 hellwings
  25 deep elf priests
  34 blue devils
  2 queen bees (shapeshifter)
  2 harpy zombies
  44 freezing wraiths
  2 yellow draconian skeletons
  A silent spectre (Tar:1)
  The ghost of SaintRoka the Skirmisher, an amateur HOAs (D:5)
  48 demonic crawlers
  2 yaktaurs (shapeshifter)
  13 hydra zombies
  2 catoblepas skeletons
  3 queen bees
  7 small abominations
  A two-headed ogre (shapeshifter) (Vaults:1)
  12 trolls
  3 giant leeches (Swamp:1)
  61 red devils
  5 polar bears
  An iron dragon simulacrum (Crypt:2)
  3 wind drakes (Depths:4)
  28 guardian mummies
  Grinder (D:5)
  2 polar bears (shapeshifter)
  A wind drake (shapeshifter) (Vaults:3)
  Prince Ribbit (D:9)
  A boulder beetle (shapeshifter) (Depths:5)
  3 harpy skeletons
  4 tengu conjurers
  A blink frog (shapeshifter) (Elf:1)
  18 blink frogs
  4 ice dragon zombies
  26 jumping spiders
  22 two-headed ogres
  A trapdoor spider zombie (Crypt:2)
  6 ettin zombies
  11 raiju
  32 ushabtiu
  7 fire dragon zombies
  5 boulder beetles
  3 hydra skeletons
  98 slime creatures
  13 bog bodies
  7 alligator zombies
  4 fire dragon skeletons
  33 redbacks
  13 vampires
  2 spriggans (shapeshifter)
  116 flying skulls
  10 water elementals
  A black mamba zombie (Crypt:3)
  5 golden eyes (WizLab)
  8 ice dragon skeletons
  58 yaks
  50 ynoxinuls
  15 tarantellas
  A tarantella (shapeshifter) (Vaults:5)
  The ghost of Uberwunderbarhen the Firebug, an amateur DEFE (D:4)
  11 spriggans
  25 trapdoor spiders
  34 deep elf magi
  3 alligator skeletons
  A frost giant simulacrum (Coc:7)
  4 air elementals (Depths:4)
  61 neqoxecs
  2 yaks (shapeshifter)
  6 ettin skeletons
  5 wyverns
  17 fire elementals
  3 black mamba skeletons
  35 chaos spawn
  28 shadows
  A dire elephant simulacrum (Coc:3)
  Grum (D:11)
  The ghost of ketsa the Pure, an amateur DsAK of Lugonu (D:3)
  12 hippogriffs
  5 hungry ghosts (D:10)
  6 basilisks
  3 soldier ants
  Menkaure (D:4)
  7 wargs
  14 wolves
  30 vampire mosquitoes
  26 wraiths
  16 insubstantial wisps
  33 deep elf fighters
  4 mottled dragons
  2 swamp worm simulacra (Swamp:4)
  28 hell hounds
  2 spatial vortices (Elf:2)
  An emperor scorpion simulacrum (Hell)
  13 hydra simulacra
  7 spiny frog zombies
  26 swamp worms
  4 swamp drakes
  A naga (Tomb:3)
  An orb spider zombie (Crypt:2)
  6 spiny frog skeletons
  4 black bears
  13 water moccasins
  A monstrous demonspawn skeleton (Coc:1)
  11 porcupines
  6 sky beasts
  56 orc warriors
  5 eyes of draining
  A sky beast (shapeshifter) (Depths:4)
  2 swamp dragon zombies (Crypt:3)
  A wasp (shapeshifter) (Abyss:2)
  46 spiders
  7 phantoms
  4 manticore zombies
  53 ogres
  6 snapping turtle zombies
  16 centaurs
  13 necrophages
  5 snapping turtle skeletons
  32 boggarts
  A fire drake zombie (Crypt:1)
  18 ice beasts
  4 ettin simulacra
  13 crocodiles
  2 manticore skeletons (Geh:7)
  A swamp dragon skeleton (Coc:2)
  13 wasps
  A draconian zombie (Crypt:2)
  A crocodile (shapeshifter) (Vaults:5)
  Blork the orc (D:6)
  7 earth elementals (Depths:4)
  A dryad zombie (Crypt:2)
  A giant frog (shapeshifter) (Vaults:5)
  A brain worm (D:14)
  4 big kobolds
  A vine stalker skeleton (Crypt:2)
  A wyvern zombie (D:12)
  2 elf skeletons
  6 scorpions
  12 wyvern skeletons
  3 spriggan zombies
  24 giant frogs
  A polar bear zombie (Crypt:1)
  61 killer bees
  A warg skeleton (Crypt:2)
  A troll skeleton (Coc:5)
  20 jellies
  22 crimson imps
  A lava snake (D:12)
  52 wights
  An electric eel (Lair:3)
  34 starcursed masses
  2 giant frog zombies
  30 orc wizards
  3 quasits
  4 hounds
  37 orc priests
  A giant frog skeleton (D:8)
  2 human skeletons
  11 worker ants
  Terence (D:2)
  6 hell rats
  15 iron imps
  25 sheep
  9 iguanas
  A demigod zombie (Crypt:1)
  7 ogre zombies
  A felid skeleton (Crypt:1)
  A hound zombie (D:5)
  A naga skeleton (Coc:2)
  A tengu skeleton (Crypt:1)
  A hound skeleton (D:5)
  34 mummies
  A worker ant zombie (D:10)
  4 gnolls (D:7)
  20 adders
  18 shadow imps
  76 river rats
  26 white imps
  An ooze (D:1)
  8 ufetubi
  An ooze (shapeshifter) (Depths:2)
  6 swamp drake simulacra (Swamp:4)
  3 adder skeletons
  A sheep zombie (Crypt:2)
  2 worms
  14 giant geckos
  211 orcs
  9 bats
  4 giant cockroaches
  7 goblins
  9 hobgoblins
  18 jackals
  23 kobolds
  3 quokkas
  A giant gecko zombie (D:5)
  6 giant newts
  3 goblin zombies (D:10)
  3 hobgoblin skeletons (D:10)
  2 orc skeletons
  14 orc zombies
  A quokka zombie (D:5)
  5 rats
  3 crawling corpses
  4 fire vortices
  2 fungi (Lair:8)
  A lurking horror (Abyss:2)
  6 plants
  A spectral weapon (Spider:3)
  5 starspawn tentacles
  2 tentacles
5920 creatures vanquished.

Vanquished Creatures (collateral kills)
  A deep elf mage (Vaults:2)
  An adder (D:7)
2 creatures vanquished.

Vanquished Creatures (others)
  2 eldritch tentacles
  A thorn hunter (Swamp:4)
  A fire giant (Vaults:3)
  A frost giant (Depths:5)
  A draconian scorcher (Zot:1)
  A mummy priest (Tomb:2)
  3 small abominations
  A deep elf knight (Vaults:2)
  A skeletal warrior (Hell)
  4 death scarabs (Tomb:2)
  An ice devil (Pan)
  3 wizards (Pan)
  15 ball lightnings
  A phantasmal warrior (Vaults:5)
  A necromancer (Depths:5)
  3 ugly things (Swamp:4)
  A moth of wrath (Zot:5)
  A yaktaur (Vaults:5)
  3 large abominations
  A deep elf priest (Vaults:5)
  An ushabti (Tomb:3)
  A two-headed ogre (Vaults:4)
  A trapdoor spider (Spider:4)
  7 flying skulls
  5 humans (D:15)
  A ynoxinul (Abyss:3)
  A shadow (Swamp:3)
  A tarantella (shapeshifter) (Depths:4)
  An ettin skeleton (Coc:7)
  A chaos spawn (Pan)
  A deep elf fighter (Elf:3)
  A putrid demonspawn zombie (Geh:5)
  A yak (shapeshifter) (Depths:4)
  An ogre (Vaults:4)
  An orc warrior (Vaults:4)
  6 killer bees
  2 crimson imps
  A mummy (Tomb:2)
  3 white imps
  3 ufetubi (IceCv)
  A kobold (D:12)
  329 eldritch tentacle segments
  14 fungi
  8 lost souls
  A lurking horror (Abyss:2)
  33 plants
  17 starspawn tentacles
  308 starspawn tentacle segments
  7 tentacles
  374 tentacle segments
1178 creatures vanquished.

Grand Total: 7100 creatures vanquished

Notes
Turn   | Place    | Note
--------------------------------------------------------------
     0 | D:1      | SaintRoka the Hill Orc Transmuter began the quest for the Orb.
     0 | D:1      | Reached XP level 1. HP: 16/16 MP: 3/3
   371 | D:1      | Reached XP level 2. HP: 12/24 MP: 4/4
  1137 | D:1      | Reached skill level 1 in Armour
  1171 | D:1      | Reached XP level 3. HP: 21/30 MP: 5/5
  1806 | D:1      | Learned a level 2 spell: Sticks to Snakes
  2043 | D:2      | Found an opulent altar of Gozag.
  2044 | D:2      | Found Gozag's Platinum Reserve.
  2045 | D:2      | Noticed Terence
  2072 | D:2      | Killed Terence
  2072 | D:2      | Reached XP level 4. HP: 9/38 MP: 6/6
  2080 | D:2      | Reached skill level 4 in Unarmed Combat
  3072 | D:2      | Reached XP level 5. HP: 42/45 MP: 7/7
  3822 | D:3      | Noticed ketsa's ghost (amateur DsAK)
  4145 | D:3      | Killed ketsa's ghost
  4145 | D:3      | Reached XP level 6. HP: 41/53 MP: 8/8
  4583 | D:3      | Learned a level 3 spell: Spider Form
  4637 | D:4      | Noticed Uberwunderbarhen's ghost (amateur DEFE)
  4648 | D:5      | Entered Level 5 of the Dungeon
  4945 | D:5      | Reached skill level 5 in Unarmed Combat
  5308 | D:6      | Reached skill level 5 in Fighting
  5318 | D:6      | Reached XP level 7. HP: 33/61 MP: 9/9
  6088 | D:6      | Reached skill level 5 in Armour
  6447 | D:6      | Reached skill level 6 in Fighting
  6499 | D:6      | Reached XP level 8. HP: 45/71 MP: 10/10
  6503 | D:6      | Gained mutation: You have large cloven feet. [mutagenic meat]
  6504 | D:6      | Gained mutation: Your spells are a little harder to cast, but a little more powerful. [mutagenic meat]
  6506 | D:6      | Gained mutation: You are clumsy. (Dex -2) [mutagenic meat]
  6507 | D:6      | Gained mutation: Your spells are harder to cast, but more powerful. [mutagenic meat]
  6930 | D:6      | Noticed Blork the orc
  6950 | D:6      | Killed Blork the orc
  7339 | D:5      | Reached skill level 7 in Fighting
  7391 | D:5      | Noticed SaintRoka's ghost (amateur HOAs)
  8121 | D:4      | Found a blossoming altar of Fedhas.
  8142 | D:4      | Noticed an oklob plant
  8348 | D:4      | Killed Uberwunderbarhen's ghost
  8348 | D:4      | Reached skill level 1 in Evocations
  8785 | D:4      | Noticed Menkaure
  8795 | D:4      | Killed Menkaure
  8800 | D:4      | Found a shadowy altar of Dithmenos.
  9008 | D:4      | Reached XP level 9. HP: 75/79 MP: 11/11
  9051 | D:5      | Found a snail-covered altar of Cheibriados.
  9113 | D:5      | Became a worshipper of Cheibriados the Contemplative
  9402 | D:5      | HP: 4/80 [phantom (5)]
  9409 | D:5      | HP: 4/80 [poisoned by a worker ant]
 10257 | D:5      | Reached skill level 1 in Invocations
 10476 | D:5      | Noticed Grinder
 10501 | D:5      | Paralysed by Grinder for 5 turns
 10508 | D:5      | Killed Grinder
 11042 | D:5      | Killed SaintRoka's ghost
 11042 | D:5      | Reached skill level 8 in Fighting
 11115 | D:5      | Found a staircase to the Ecumenical Temple.
 11146 | Temple   | Entered the Ecumenical Temple
 12304 | D:7      | Reached * piety under Cheibriados
 12832 | D:7      | Reached XP level 10. HP: 90/90 MP: 13/13
 13102 | D:8      | Got a pair of twisted gloves
 13104 | D:8      | Noticed Joseph
 13124 | D:8      | Killed Joseph
 13134 | D:8      | Identified the -1 pair of gloves "Kafrej" {-Tele rC++ Int+5} (You found it on level 8 of the Dungeon)
 13233 | D:8      | Reached skill level 9 in Fighting
 13239 | D:8      | Reached skill level 5 in Invocations
 13653 | D:8      | Found a shattered altar of Ashenzari.
 13666 | D:8      | Reached ** piety under Cheibriados
 14036 | D:9      | Noticed Erica
 14051 | D:9      | Killed Erica
 14082 | D:9      | Lost mutation: You have large cloven feet. [potion of mutation]
 14082 | D:9      | Gained mutation: You occasionally shout uncontrollably at your foes. [potion of mutation]
 14155 | D:9      | Reached skill level 5 in Evocations
 14167 | D:9      | Reached *** piety under Cheibriados
 14559 | D:9      | Reached XP level 11. HP: 85/99 MP: 15/15
 14596 | D:9      | Reached skill level 10 in Fighting
 14746 | D:9      | Noticed Prince Ribbit
 14752 | D:9      | Killed Prince Ribbit
 14852 | D:9      | Found a glowing silver altar of Zin.
 14867 | D:9      | Found a basalt altar of Yredelemnul.
 14894 | D:9      | Found a glowing golden altar of the Shining One.
 15192 | D:9      | Noticed an angel
 15217 | D:10     | Entered Level 10 of the Dungeon
 15232 | D:10     | Reached **** piety under Cheibriados
 15325 | D:10     | Found a staircase to the Orcish Mines.
 15386 | D:10     | Reached ***** piety under Cheibriados
 15636 | D:10     | Noticed a hill giant
 15650 | D:10     | Killed a hill giant
 16103 | D:10     | Found a staircase to the Lair.
 16343 | Lair:1   | Entered Level 1 of the Lair of Beasts
 16347 | Lair:1   | Noticed a four-headed hydra
 16348 | Lair:1   | Reached skill level 10 in Unarmed Combat
 16357 | Lair:1   | Killed a four-headed hydra
 16567 | Lair:1   | Learned a level 5 spell: Blade Hands
 16673 | Lair:1   | Reached XP level 12. HP: 73/108 MP: 18/18
 17387 | Lair:2   | Noticed a catoblepas
 17427 | Lair:2   | Killed a catoblepas
 17427 | Lair:2   | Reached skill level 10 in Armour
 17482 | Lair:2   | Noticed Nergalle
 17957 | Lair:2   | Reached skill level 11 in Fighting
 18082 | Lair:2   | Reached skill level 5 in Dodging
 18306 | Lair:2   | Killed Nergalle
 18792 | Lair:2   | Noticed a seven-headed hydra
 18800 | Lair:2   | Killed a seven-headed hydra
 19806 | Lair:3   | Reached skill level 10 in Invocations
 20156 | Lair:3   | Reached XP level 13. HP: 102/117 MP: 20/20
 20182 | Lair:3   | Found a hole to the Spider Nest.
 20523 | Lair:3   | Found a staircase to the Swamp.
 20880 | Lair:4   | Noticed Sonja
 20881 | Lair:4   | Noticed Sonja
 20881 | Lair:4   | Sonja changed into Sonja the troll
 20898 | Lair:4   | Killed Sonja the troll
 21001 | Lair:4   | Reached skill level 12 in Fighting
 21196 | Lair:4   | Noticed ketsa's ghost (journeyman DsAK)
 21197 | Lair:4   | Noticed Urug
 23480 | Lair:6   | Found a viscous altar of Jiyva.
 23481 | Lair:6   | Found a staircase to the Slime Pits.
 23593 | Lair:7   | Reached XP level 14. HP: 105/127 MP: 16/22
 23626 | Lair:7   | Found a frozen archway.
 23639 | IceCv    | Entered an ice cave
 24757 | Lair:7   | Reached skill level 13 in Fighting
 24925 | Lair:8   | Entered Level 8 of the Lair of Beasts
 25201 | Lair:8   | Reached ****** piety under Cheibriados
 26189 | Lair:8   | Reached skill level 10 in Evocations
 26886 | Lair:4   | Killed ketsa's ghost
 27044 | Lair:4   | Killed Urug
 27044 | Lair:4   | Reached XP level 15. HP: 122/136 MP: 24/24
 27749 | D:11     | Noticed Grum
 27761 | D:11     | Killed Grum
 27816 | D:11     | Got a smoking helmet
 27827 | D:11     | Identified the +0 helmet of Impermeability {rElec rF+ Dex+4} (You found it on level 11 of the Dungeon)
 27939 | D:11     | Noticed Maud
 27954 | D:11     | Killed Maud
 27975 | D:11     | Found a labyrinth entrance.
 27995 | Lab      | Entered a labyrinth
 28155 | Lab      | Got a brightly glowing scale mail
 28166 | Lab      | Identified the cursed +0 scale mail of Ru's Reproof {MR+ Str+3 SInv} (You found it in a labyrinth)
 28169 | Lab      | Got a bronze chain mail
 28180 | Lab      | Identified the +4 chain mail of Shadows and Fog {rPois Regen+ Dex+4} (You found it in a labyrinth)
 28181 | Lab      | Identified a +5 rod of clouds (11/11) (You found it in a labyrinth)
 28183 | Lab      | Got a crude arbalest
 28184 | Lab      | Identified the +10 arbalest of Orineyrhynt {elec, *Drain +Inv Dex+6 SInv} (You found it in a labyrinth)
 28959 | D:12     | Found Golu's Armour Shoppe.
 28993 | D:12     | Found Sonkiy's General Store.
 29260 | D:12     | Found Teiwni's Magic Scroll Shop.
 29279 | D:12     | Bought a scroll of teleportation for 42 gold pieces
 29279 | D:12     | Bought a scroll of teleportation for 42 gold pieces
 29279 | D:12     | Bought 3 scrolls of magic mapping for 147 gold pieces
 29279 | D:12     | Bought a scroll of fear for 49 gold pieces
 29279 | D:12     | Bought a scroll of fog for 28 gold pieces
 29279 | D:12     | Bought a scroll of identify for 28 gold pieces
 29279 | D:12     | Bought a scroll of identify for 28 gold pieces
 29326 | D:12     | Found Dicaukaz's Antique Weapon Emporium.
 29753 | D:13     | Found a gate to the Vaults.
 29782 | D:13     | Reached skill level 14 in Fighting
 30915 | D:14     | Found a stormy altar of Qazlal.
 30991 | D:14     | Paralysed by a wizard for 7 turns
 31250 | D:15     | Entered Level 15 of the Dungeon
 31310 | D:15     | Cast into the Abyss (an ogre mage)
 31375 | Abyss:1  | Found a corrupted altar of Lugonu.
 31401 | Abyss:1  | Reached XP level 16. HP: 139/147 MP: 22/25
 31418 | D:15     | Escaped the Abyss
 31470 | D:15     | Noticed UristPineapples's ghost (journeyman MiBe)
 31481 | D:15     | Killed UristPineapples's ghost
 31485 | D:15     | Found a shimmering altar of Xom.
 31545 | D:15     | Noticed Kirke
 31571 | D:15     | Killed Kirke
 31589 | D:15     | Noticed a fire giant
 31589 | D:15     | Found a staircase to the Depths.
 31600 | D:15     | Killed a fire giant
 32485 | Orc:1    | Entered Level 1 of the Orcish Mines
 32759 | Orc:1    | Found a bloodstained altar of Trog.
 32776 | Orc:1    | Found a roughly hewn altar of Beogh.
 33016 | Orc:2    | Noticed Erolcha
 33023 | Orc:2    | Killed Erolcha
 33067 | Orc:2    | Noticed Aelig's ghost (journeyman HEHu)
 33074 | Orc:2    | Killed Aelig's ghost
 33797 | Orc:3    | Noticed Donald
 33819 | Orc:3    | Killed Donald
 33872 | Orc:3    | Noticed Harold
 33883 | Orc:3    | Killed Harold
 33883 | Orc:3    | Reached skill level 15 in Fighting
 33884 | Orc:3    | Noticed Maurice
 33896 | Orc:3    | Killed Maurice
 34649 | Orc:4    | Entered Level 4 of the Orcish Mines
 34920 | Orc:4    | Found a staircase to the Elven Halls.
 35268 | Orc:4    | Found Hinn's Weapon Shop.
 35271 | Orc:4    | Found Issiwnud's General Store.
 35271 | Orc:4    | Found Gujaik's Book Shop.
 35272 | Orc:4    | Found Foahyoma's Magic Scroll Shop.
 35288 | Orc:4    | Bought a scroll of acquirement for 676 gold pieces
 35302 | Orc:4    | Bought a scroll of blinking for 97 gold pieces
 35314 | Orc:4    | Bought a scroll of magic mapping for 45 gold pieces
 35314 | Orc:4    | Bought a scroll of identify for 26 gold pieces
 35314 | Orc:4    | Bought a scroll of identify for 26 gold pieces
 35314 | Orc:4    | Bought a scroll of enchant armour for 97 gold pieces
 35314 | Orc:4    | Bought 3 scrolls of identify for 78 gold pieces
 35314 | Orc:4    | Bought a scroll of identify for 26 gold pieces
 35314 | Orc:4    | Bought a scroll of identify for 26 gold pieces
 35314 | Orc:4    | Bought a scroll of remove curse for 39 gold pieces
 35314 | Orc:4    | Bought a scroll of vulnerability for 97 gold pieces
 35314 | Orc:4    | Bought a scroll of fear for 45 gold pieces
 35797 | Lair:1   | Learned a level 3 spell: Regeneration
 35920 | Swamp:1  | Entered Level 1 of the Swamp
 35976 | Swamp:1  | Reached skill level 10 in Dodging
 36158 | Swamp:1  | Reached skill level 15 in Unarmed Combat
 37010 | Swamp:2  | Reached XP level 17. HP: 156/156 MP: 26/26
 38210 | Swamp:4  | Entered Level 4 of the Swamp
 38236 | Swamp:4  | Gained mutation: You are partially covered in rough black scales (AC +4, Dex -1). [potion of beneficial mutation]
 38313 | Swamp:4  | Reached skill level 16 in Fighting
 38320 | Swamp:4  | Reached skill level 15 in Armour
 39523 | Swamp:4  | Got a decaying rune of Zot
 39962 | Spider:1 | Entered Level 1 of the Spider Nest
 40136 | Spider:1 | Got a pair of smoking gloves
 40385 | Spider:1 | Identified the -4 pair of gloves "Idocaos" {Regen+} (You found it on level 1 of the Spider Nest)
 42435 | Spider:3 | Reached XP level 18. HP: 168/168 MP: 27/27
 42495 | Spider:3 | Noticed Asterion
 42508 | Spider:3 | Killed Asterion
 43343 | Spider:4 | Entered Level 4 of the Spider Nest
 43459 | Spider:4 | Reached skill level 17 in Unarmed Combat
 44056 | Spider:4 | Got a gossamer rune of Zot
 44748 | Vaults:1 | Entered Level 1 of the Vaults
 45123 | Vaults:1 | Reached XP level 19. HP: 177/177 MP: 28/28
 45184 | Vaults:1 | Reached skill level 18 in Unarmed Combat
 45889 | Vaults:1 | Learned a level 1 spell: Apportation
 47502 | Vaults:2 | Found Dydiofetz's Distillery.
 47510 | Vaults:2 | Bought a potion of curing for 36 gold pieces
 47510 | Vaults:2 | Bought a potion of might for 48 gold pieces
 47510 | Vaults:2 | Bought a potion of resistance for 120 gold pieces
 47510 | Vaults:2 | Bought a potion of agility for 48 gold pieces
 47510 | Vaults:2 | Bought a potion of magic for 96 gold pieces
 47850 | Vaults:3 | Reached XP level 20. HP: 134/187 MP: 29/29
 47933 | Vaults:3 | Reached skill level 19 in Unarmed Combat
 48020 | Vaults:3 | Reached skill level 1 in Necromancy
 48026 | Vaults:3 | Found a staircase to the Crypt.
 48260 | Vaults:3 | Reached skill level 1 in Charms
 48923 | Vaults:4 | Noticed Saint Roka
 48945 | Vaults:4 | Killed Saint Roka
 49077 | Vaults:4 | Noticed a lich
 49093 | Vaults:4 | Killed a lich
 49354 | Vaults:4 | Reached skill level 5 in Spellcasting
 49497 | Vaults:4 | Noticed Aizul
 49514 | Vaults:4 | Killed Aizul
 49559 | Vaults:4 | Noticed Xtahua
 49569 | Vaults:4 | Killed Xtahua
 50008 | Vaults:3 | Reached skill level 5 in Transmutations
 50466 | Depths:1 | Entered Level 1 of the Depths
 50476 | D:15     | Reached XP level 21. HP: 189/195 MP: 30/30
 50555 | Depths:1 | Found a magical portal.
 50565 | WizLab   | Entered Lehudib's Moon Base
 50854 | WizLab   | Learned a level 2 spell: Stoneskin
 51092 | WizLab   | Got a smoking golden ring
 51724 | WizLab   | Identified the ring of the Leaf {Int+5 Stlth+} (You found it in a wizard's laboratory)
 51750 | WizLab   | Got a faintly glowing tin ring
 51751 | WizLab   | Identified the ring of the Will of the Gods {rN+ MR+ MP+9} (You found it in a wizard's laboratory)
 51800 | WizLab   | Identified Lehudib's Reference Book on Earthen Transformation
 51922 | Depths:1 | Found a gateway to a ziggurat.
 52110 | Depths:1 | Reached skill level 5 in Necromancy
 52153 | Depths:1 | Reached skill level 5 in Charms
 52200 | Depths:1 | Found a gateway to Hell.
 52201 | Depths:1 | Found Kaphoo Ewna's Food Boutique.
 52518 | Depths:2 | Reached skill level 20 in Unarmed Combat
 52676 | Depths:2 | Paralysed by something for 2 turns
 52684 | Depths:2 | Reached XP level 22. HP: 204/204 MP: 31/31
 52882 | Depths:2 | Paralysed by a great orb of eyes for 7 turns
 53004 | Depths:2 | Paralysed by a wizard for 6 turns
 53235 | Depths:2 | Learned a level 7 spell: Dragon Form
 53676 | Depths:2 | You fall through a shaft for 2 floors!
 53750 | Depths:3 | Noticed Norris
 53785 | Depths:3 | Paralysed by Norris for 3 turns
 53801 | Depths:3 | Killed Norris
 53839 | Depths:3 | Noticed Nikola
 53852 | Depths:3 | Found a one-way gate leading to the halls of Pandemonium.
 53855 | Depths:3 | Killed Nikola
 54192 | Depths:3 | Paralysed by a great orb of eyes for 6 turns
 54407 | Depths:3 | Found a one-way gate to the infinite horrors of the Abyss.
 54640 | Depths:3 | Paralysed by a great orb of eyes for 6 turns
 54802 | Depths:3 | Reached XP level 23. HP: 213/213 MP: 33/33
 54936 | Depths:4 | Gained mutation: You can spit weak poison. [potion of beneficial mutation]
 54937 | Depths:4 | Gained mutation: You passively map a small area around you. [potion of beneficial mutation]
 55160 | Depths:4 | Reached skill level 1 in Earth Magic
 55177 | Depths:4 | Noticed Jorgrun
 55193 | Depths:4 | Killed Jorgrun
 55706 | Depths:4 | Got a heavily runed golden ring
 55713 | Depths:4 | Got the amulet of Xom's Hope {rMut rPois}
 55714 | Depths:4 | Identified the ring of False Pretenses {*Contam +Fly rPois MR+ Str+3} (You found it on level 4 of the Depths)
 56081 | Depths:5 | Entered Level 5 of the Depths
 56226 | Depths:5 | Found a gate to the Realm of Zot.
 56711 | Depths:5 | Paralysed by a great orb of eyes for 6 turns
 56981 | Depths:5 | Lost mutation: You are clumsy. (Dex -2) [potion of cure mutation]
 56981 | Depths:5 | Lost mutation: You can spit weak poison. [potion of cure mutation]
 56981 | Depths:5 | Lost mutation: You occasionally shout uncontrollably at your foes. [potion of cure mutation]
 56981 | Depths:5 | Lost mutation: You passively map a small area around you. [potion of cure mutation]
 56981 | Depths:5 | Lost mutation: Your spells are harder to cast, but more powerful. [potion of cure mutation]
 57883 | Elf:1    | Entered Level 1 of the Elven Halls
 57883 | Elf:1    | Found Uruery's Book Emporium.
 57900 | Elf:1    | Bought a book of Air for 490 gold pieces
 57904 | Elf:1    | Learned a level 2 spell: Repel Missiles
 58054 | Elf:1    | Reached XP level 24. HP: 223/223 MP: 34/34
 58991 | Elf:2    | Identified a +0 rod of destruction (14/14) (You found it on level 2 of the Elven Halls)
 59259 | Elf:2    | Found a runed gate.
 59259 | Elf:2    | Found a runed gate.
 59259 | Elf:2    | Found a runed gate.
 59472 | Elf:2    | Identified the Incunabulum of Displacement (You found it on level 2 of the Elven Halls)
 59476 | Elf:2    | Learned a level 2 spell: Blink
 59482 | Elf:2    | Learned a level 5 spell: Phase Shift
 59487 | Elf:2    | Learned a level 4 spell: Passage of Golubria
 59566 | Elf:3    | Entered Level 3 of the Elven Halls
 59799 | Elf:3    | Reached skill level 5 in Earth Magic
 60036 | Elf:3    | Found Cerpheej's Assorted Antiques.
 60051 | Elf:3    | Bought a glowing emerald ring for 135 gold pieces
 60051 | Elf:3    | Bought a peridot ring for 135 gold pieces
 60055 | Elf:3    | Bought a small wooden ring for 135 gold pieces
 60484 | Elf:3    | Reached skill level 21 in Unarmed Combat
 60669 | Elf:3    | Got a brightly glowing turquoise ring
 60670 | Elf:3    | Identified the ring of the Frog {rF+ MP+9} (You took it off a deep elf death mage on level 3 of the Elven Halls)
 60718 | Elf:3    | Got a smoking chain mail
 60719 | Elf:3    | Identified the +7 chain mail of Meomawox {rElec} (You found it on level 3 of the Elven Halls)
 60726 | Elf:3    | Identified the Tome of Poison
 60730 | Elf:3    | Identified Mydixang's Easy Witchery
 61535 | Slime:1  | Entered Level 1 of the Pits of Slime
 62741 | Slime:5  | Reached XP level 25. HP: 159/233 MP: 36/36
 62830 | Slime:6  | Entered Level 6 of the Pits of Slime
 62943 | Slime:6  | Found a viscous altar of Jiyva.
 62944 | Slime:6  | Noticed the royal jelly
 62957 | Slime:6  | Killed the royal jelly
 62997 | Slime:6  | Got a slimy rune of Zot
 63063 | Slime:6  | Identified the Compendium of Damaging Dislocation
 63354 | Lair:1   | Learned a level 6 spell: Statue Form
 63647 | Vaults:5 | Entered Level 5 of the Vaults
 63655 | Vaults:5 | Reached skill level 1 in Translocations
 63660 | Vaults:5 | Reached skill level 1 in Poison Magic
 63664 | Vaults:5 | Gained mutation: You are frail (-10% HP). [a cacodemon]
 63664 | Vaults:5 | Gained mutation: Scrolls take you a little longer to read. [a cacodemon]
 64131 | Vaults:5 | Reached skill level 15 in Dodging
 64152 | Vaults:5 | Reached skill level 10 in Spellcasting
 64306 | Vaults:5 | Reached XP level 26. HP: 150/217 MP: 34/37
 64325 | Vaults:5 | Reached skill level 5 in Poison Magic
 64341 | Vaults:5 | Reached skill level 10 in Transmutations
 64412 | Vaults:5 | Got a silver rune of Zot
 64420 | Vaults:5 | Identified the Incunabulum of Attacks
 64656 | Vaults:5 | Got a clouded tin amulet
 64782 | Vaults:5 | Reached skill level 5 in Translocations
 64946 | Vaults:5 | Identified the amulet "Likonaj" {rCorr rElec rPois Str+3 Dex-4} (You took it off a deep elf annihilator on level 5 of the Vaults)
 66329 | Lair:1   | Lost mutation: Your spells are a little harder to cast, but a little more powerful. [potion of cure mutation]
 66329 | Lair:1   | Lost mutation: You are partially covered in rough black scales (AC +4, Dex -1). [potion of cure mutation]
 66329 | Lair:1   | Lost mutation: Scrolls take you a little longer to read. [potion of cure mutation]
 66329 | Lair:1   | Lost mutation: You are frail (-10% HP). [potion of cure mutation]
 66633 | Crypt:1  | Entered Level 1 of the Crypt
 66667 | Crypt:1  | Noticed Boris
 66670 | Crypt:1  | Killed Boris
 67168 | Crypt:1  | Noticed Khufu
 67170 | Crypt:1  | Noticed a greater mummy
 67179 | Crypt:1  | Killed a greater mummy
 67181 | Crypt:1  | Killed Khufu
 67438 | Crypt:2  | Got a slimy eveningstar
 67451 | Crypt:2  | Identified the +9 eveningstar of Arphuj {speed, MP+9 Int+2} (You found it on level 2 of the Crypt)
 68305 | Crypt:3  | Entered Level 3 of the Crypt
 68416 | Crypt:3  | Reached XP level 27. HP: 248/248 MP: 38/38
 68885 | Crypt:3  | Found a staircase to the Tomb.
 69127 | Crypt:3  | Found an ancient bone altar of Kikubaaqudgha.
 69150 | Crypt:3  | Cast into the Abyss (reaper)
 69188 | Abyss:1  | Found a corrupted altar of Lugonu.
 69338 | Abyss:2  | Reached skill level 10 in Earth Magic
 69463 | Abyss:2  | Paralysed by accursed screaming for 1 turns
 69470 | Abyss:2  | Paralysed by accursed screaming for 1 turns
 69478 | Abyss:2  | Paralysed by accursed screaming for 1 turns
 70166 | Abyss:2  | Gained mutation: You expend magic power (3 MP) to strengthen your wands. [a neqoxec]
 70166 | Abyss:2  | Gained mutation: Scrolls take you a little longer to read. [a neqoxec]
 70480 | Abyss:3  | Got an abyssal rune of Zot
 70575 | Crypt:3  | Escaped the Abyss
 70854 | Crypt:3  | Noticed an ancient lich
 70861 | Crypt:3  | Killed an ancient lich
 71504 | Crypt:3  | Got a twisted large shield
 71507 | Crypt:3  | Identified the cursed +0 large shield "Lantag" {rC+} (You took it off a vampire mage on level 3 of the Crypt)
 72361 | Depths:4 | Got a pitted shield
 72367 | Depths:4 | Identified the +1 shield of the Bulwark {Dex+2} (You found it on level 4 of the Depths)
 72441 | Zot:1    | Entered Level 1 of the Realm of Zot
 72757 | Zot:1    | You fall through a shaft!
 72786 | Zot:2    | Noticed an orb of fire
 72794 | Zot:2    | Killed an orb of fire
 72981 | Zot:2    | Noticed Tiamat
 73020 | Zot:2    | Killed Tiamat
 74135 | Zot:1    | Noticed an orb of fire
 74144 | Zot:1    | Killed an orb of fire
 74829 | Zot:3    | Reached skill level 22 in Unarmed Combat
 74868 | Zot:3    | Got a brightly glowing chain mail
 74871 | Zot:3    | Identified the +1 chain mail of Abreom Zuomn {Str+4} (You found it on level 3 of the Realm of Zot)
 74877 | Zot:3    | Got a crude golden ring
 74880 | Zot:3    | Identified the ring "Noohastrism" {Ice MR+ Int+6} (You found it on level 3 of the Realm of Zot)
 76370 | Zot:5    | Entered Level 5 of the Realm of Zot
 76983 | D:12     | Bought a scroll of recharging for 133 gold pieces
 76983 | D:12     | Bought a scroll of enchant armour for 105 gold pieces
 77216 | Pan      | Entered Pandemonium
 77563 | Pan      | Noticed Ser Gabe the pandemonium lord
 77576 | Pan      | Killed Ser Gabe the pandemonium lord
 77700 | Pan      | Found an exit through the horrors of the Abyss.
 77945 | Pan      | Reached skill level 10 in Translocations
 78062 | Pan      | Found an exit through the horrors of the Abyss.
 78685 | Pan      | Noticed Itseatz the pandemonium lord
 78694 | Pan      | Killed Itseatz the pandemonium lord
 78827 | Pan      | Noticed Genoobit the pandemonium lord
 79402 | Pan      | Entered the realm of Mnoleg.
 79446 | Pan      | Gained mutation: Scrolls take you longer to read. [a cacodemon]
 79559 | Pan      | Reached skill level 15 in Spellcasting
 79648 | Pan      | Noticed Mnoleg
 79673 | Pan      | Killed Mnoleg
 79686 | Pan      | Got a glowing rune of Zot
 79693 | Pan      | Gained mutation: Your body sometimes deteriorates upon taking damage. [a cacodemon]
 79703 | Pan      | Reached skill level 15 in Transmutations
 79797 | Pan      | Noticed Turij the pandemonium lord
 80239 | Pan      | Killed Turij the pandemonium lord
 80465 | Pan      | Entered the realm of Cerebov.
 80877 | Pan      | Found an exit through the horrors of the Abyss.
 81395 | Pan      | Noticed Cerebov
 81412 | Pan      | Killed Cerebov
 81426 | Pan      | Got a fiery rune of Zot
 81791 | Depths:3 | Escaped Pandemonium
 81801 | Pan      | Entered Pandemonium
 81839 | Pan      | Entered the realm of Lom Lobon.
 81981 | Pan      | Noticed Lom Lobon
 82005 | Pan      | Killed Lom Lobon
 82029 | Pan      | Lost mutation: You expend magic power (3 MP) to strengthen your wands. [potion of cure mutation]
 82029 | Pan      | Lost mutation: Scrolls take you longer to read. [potion of cure mutation]
 82029 | Pan      | Lost mutation: Scrolls take you a little longer to read. [potion of cure mutation]
 82029 | Pan      | Lost mutation: Your body sometimes deteriorates upon taking damage. [potion of cure mutation]
 82060 | Pan      | Got a magical rune of Zot
 82437 | Pan      | Found an exit through the horrors of the Abyss.
 83381 | Pan      | Learned a level 1 spell: Summon Butterflies
 83489 | Pan      | Noticed Nurasil the pandemonium lord
 83621 | Pan      | Noticed Vuipluym the pandemonium lord
 83632 | Pan      | Killed Vuipluym the pandemonium lord
 83744 | Pan      | Found a gateway to a ziggurat.
 83996 | Pan      | Reached skill level 23 in Fighting
 84540 | Pan      | Noticed Mafu the pandemonium lord
 84551 | Pan      | Killed Mafu the pandemonium lord
 84585 | Depths:3 | Escaped Pandemonium
 84588 | Pan      | Entered Pandemonium
 84644 | Pan      | Identified Thaumaturgy for Absolute Beginners (You found it in Pandemonium)
 84650 | Pan      | Entered the realm of Gloorx Vloq.
 84678 | Pan      | Gained mutation: You are robust (+10% HP). [potion of beneficial mutation]
 84791 | Pan      | Noticed Gloorx Vloq
 84799 | Pan      | Killed Gloorx Vloq
 85020 | Pan      | Found an exit through the horrors of the Abyss.
 85680 | Pan      | Got a dark rune of Zot
 86352 | Pan      | Gained mutation: You are dopey. (Int -2) [a neqoxec]
 86366 | Pan      | Found an exit through the horrors of the Abyss.
 86379 | Pan      | Noticed Xujatza the pandemonium lord
 86389 | Pan      | Killed Xujatza the pandemonium lord
 86405 | Pan      | Identified Tapn's Tome of Protection
 86922 | Pan      | Found an exit through the horrors of the Abyss.
 87125 | Pan      | Noticed Bydimamp the pandemonium lord
 87513 | Pan      | Reached skill level 24 in Fighting
 87791 | Pan      | Noticed Pahimm the pandemonium lord
 88143 | Pan      | Noticed Mennas
 88151 | Pan      | Killed Pahimm the pandemonium lord
 88357 | Pan      | Killed Mennas
 88793 | Pan      | Found an exit through the horrors of the Abyss.
 89363 | Pan      | Found an exit through the horrors of the Abyss.
 89834 | Pan      | Gained mutation: You are clumsy. (Dex -2) [a cacodemon]
 89905 | Pan      | Noticed Foshreubb the pandemonium lord
 89919 | Pan      | Killed Foshreubb the pandemonium lord
 90360 | Pan      | Found an exit through the horrors of the Abyss.
 91039 | Pan      | Gained mutation: Your spells are a little easier to cast, but a little less powerful. [a neqoxec]
 91143 | Pan      | Noticed Jovol the pandemonium lord
 91150 | Pan      | Killed Jovol the pandemonium lord
 91249 | Pan      | Reached skill level 25 in Fighting
 91281 | Pan      | Found a runed door.
 91295 | Pan      | Found a runed door.
 91337 | Pan      | Noticed Jienith the pandemonium lord
 91339 | Pan      | Killed Jienith the pandemonium lord
 91340 | Pan      | Found a runed door.
 91340 | Pan      | Found a runed door.
 91381 | Pan      | Got a steaming cloak
 91382 | Pan      | Identified the cursed +0 cloak "Otuubube" {*Drain Int+4 SInv Stlth+} (You found it in Pandemonium)
 91426 | Pan      | Found an exit through the horrors of the Abyss.
 91549 | Pan      | Gained mutation: You tend to lose your temper in combat. [a cacodemon]
 91586 | Pan      | Noticed Teaqiah the pandemonium lord
 91592 | Pan      | Killed Teaqiah the pandemonium lord
 91797 | Pan      | Lost mutation: You are robust (+10% HP). [potion of cure mutation]
 91797 | Pan      | Lost mutation: You are dopey. (Int -2) [potion of cure mutation]
 91797 | Pan      | Lost mutation: Your spells are a little easier to cast, but a little less powerful. [potion of cure mutation]
 91797 | Pan      | Lost mutation: You tend to lose your temper in combat. [potion of cure mutation]
 91857 | Pan      | Noticed Ejiggug the pandemonium lord
 91866 | Pan      | Killed Ejiggug the pandemonium lord
 91923 | Pan      | Noticed Voroown the pandemonium lord
 91930 | Pan      | Killed Voroown the pandemonium lord
 91934 | Pan      | Found an exit through the horrors of the Abyss.
 92184 | Pan      | Found an exit through the horrors of the Abyss.
 92754 | Pan      | Found an exit through the horrors of the Abyss.
 92997 | Pan      | Got a pair of encrusted gloves
 92998 | Pan      | Identified the +2 pair of gloves of Ylivoeh {rElec rF- Str+2} (You found it in Pandemonium)
 93047 | Pan      | Reached skill level 26 in Fighting
 93234 | Pan      | Noticed Kunur the pandemonium lord
 93244 | Pan      | Killed Kunur the pandemonium lord
 93586 | Pan      | Found a glowing silver altar of Zin.
 94063 | Pan      | Got a heavily runed large shield
 94064 | Pan      | Identified the -5 large shield "Zoluru" {rElec rN+ MP+9 Int+2 Slay-6} (You took it off a daeva in Pandemonium)
 94125 | Pan      | Noticed a seraph
 94145 | Pan      | Killed a seraph
 94202 | Pan      | Found a glowing golden altar of the Shining One.
 94216 | Pan      | Got a pair of translucent boots
 94227 | Pan      | Identified the cursed +0 pair of boots of Aloi {rC+} (You found it in Pandemonium)
 94239 | Pan      | Got a demonic rune of Zot
 94563 | Pan      | Found a runed door.
 94574 | Pan      | Found a runed door.
 94703 | Pan      | Found an exit through the horrors of the Abyss.
 94706 | Pan      | Gained mutation: You are weak. (Str -2) [a neqoxec]
 94728 | Pan      | Took an exit into the Abyss.
 94728 | Abyss:1  | Escaped into the Abyss
 94746 | Depths:3 | Escaped the Abyss
 94810 | Hell     | Entered the Vestibule of Hell
 94810 | Hell     | Noticed Geryon
 94818 | Hell     | Killed Geryon
 94822 | Hell     | Noticed Murray
 94836 | Hell     | Killed Murray
 95305 | Hell     | Reached skill level 27 in Fighting
 95315 | Hell     | Found a gateway to the Iron City of Dis.
 95468 | Hell     | Found a gateway to the decaying netherworld of Tartarus.
 95869 | Tar:1    | Entered Level 1 of Tartarus
 96413 | Tar:7    | Entered Level 7 of Tartarus
 96696 | Tar:7    | Noticed an ancient lich
 96703 | Tar:7    | Killed an ancient lich
 96787 | Tar:7    | Noticed Ereshkigal
 96801 | Tar:7    | Killed Ereshkigal
 96847 | Tar:7    | Got a bone rune of Zot
 97033 | Tar:7    | Noticed an ancient lich
 97037 | Tar:7    | Killed an ancient lich
 97197 | Tar:7    | Noticed an ancient lich
 97200 | Tar:7    | Killed an ancient lich
 97228 | Tar:7    | Noticed an ancient lich
 97232 | Tar:7    | Killed an ancient lich
 97276 | Tar:7    | Got a brightly glowing pewter amulet
 97280 | Tar:7    | Identified the amulet of the Evil One {Clar rElec MR++ MP-9 SInv} (You found it on level 7 of Tartarus)
 97312 | Tar:7    | Reached skill level 27 in Armour
 97442 | Hell     | Found a gateway to the freezing wastes of Cocytus.
 97473 | Dis:1    | Entered Level 1 of the Iron City of Dis
 98362 | Dis:6    | Gained mutation: You are dopey. (Int -2) [mutagenic glow]
 98404 | Dis:6    | Gained mutation: You are very dopey. (Int -4) [a neqoxec]
 98533 | Dis:7    | Entered Level 7 of the Iron City of Dis
 98631 | Dis:7    | Noticed Dispater
 98642 | Dis:7    | Killed Dispater
 98661 | Dis:7    | Got an iron rune of Zot
 98683 | Dis:7    | Noticed the Serpent of Hell
 98770 | Hell     | Found a gateway to the ashen valley of Gehenna.
 98826 | Geh:1    | Entered Level 1 of Gehenna
 99242 | Geh:4    | Reached skill level 27 in Unarmed Combat
 99650 | Geh:7    | Entered Level 7 of Gehenna
100155 | Geh:7    | Identified the Reference Book on Damaging Contamination (You found it on level 7 of Gehenna)
100172 | Geh:7    | Learned a level 5 spell: Lee's Rapid Deconstruction
100185 | Geh:7    | Identified the Guide on Battle Magic (You found it on level 7 of Gehenna)
100337 | Geh:7    | Learned a level 8 spell: Necromutation
100408 | Geh:7    | Noticed Asmodeus
100422 | Geh:7    | Killed Asmodeus
100480 | Geh:7    | Got an obsidian rune of Zot
100664 | Hell     | Learned a level 5 spell: Silence
100692 | Coc:1    | Entered Level 1 of Cocytus
100720 | Coc:1    | Reached skill level 10 in Necromancy
101238 | Coc:7    | Entered Level 7 of Cocytus
101398 | Coc:7    | Identified the Handbook of the Three Spirits
101488 | Coc:7    | Noticed Antaeus
101501 | Coc:7    | Got an icy rune of Zot
101563 | Coc:7    | Killed Antaeus
102069 | Elf:1    | Bought a book of Alchemy for 1050 gold pieces
102072 | Elf:1    | Learned a level 2 spell: Sublimation of Blood
102082 | Elf:1    | Learned a level 8 spell: Borgnjor's Revivification
102690 | Tomb:1   | Entered Level 1 of the Tomb of the Ancients
103535 | Tomb:1   | Lost mutation: You are weak. (Str -2) [potion of cure mutation]
103535 | Tomb:1   | Lost mutation: You are clumsy. (Dex -2) [potion of cure mutation]
103535 | Tomb:1   | Lost mutation: You are very dopey. (Int -4) [potion of cure mutation]
103535 | Tomb:1   | Lost mutation: You are dopey. (Int -2) [potion of cure mutation]
103686 | Tomb:2   | Reached skill level 1 in Air Magic
103697 | Tomb:2   | Reached skill level 1 in Hexes
103816 | Tomb:3   | Entered Level 3 of the Tomb of the Ancients
104034 | Tomb:2   | Reached skill level 15 in Necromancy
104108 | Tomb:2   | Noticed an ancient lich
104117 | Tomb:2   | Killed an ancient lich
104291 | Tomb:3   | Reached skill level 5 in Hexes
104321 | Tomb:3   | Got a faintly glowing platinum ring
104322 | Tomb:3   | Identified the ring of Fixation {Fire +Fly Int-3 Dex+9} (You found it on level 3 of the Tomb of the Ancients)
104328 | Tomb:3   | Got an ancient iron ring
104334 | Tomb:3   | Got a brightly glowing iron ring
104335 | Tomb:3   | Identified the ring "Ofabia" {Int+3 Dex+5} (You found it on level 3 of the Tomb of the Ancients)
104336 | Tomb:3   | Identified the ring "Gilienisee" {+Fly MR- Str+4} (You found it on level 3 of the Tomb of the Ancients)
104344 | Tomb:3   | Drew Focus: Str increased to 21, Dex decreased to 11
104581 | Tomb:3   | Noticed Boris
104586 | Tomb:3   | Killed Boris
104586 | Tomb:3   | Reached skill level 5 in Air Magic
104599 | Tomb:3   | Got a golden rune of Zot
104871 | Vaults:3 | Gained mutation: You are partially covered in large bone plates (AC +2, SH +2). [mutagenic meat]
105574 | Zot:5    | Noticed an ancient lich
105583 | Zot:5    | Killed an ancient lich
105591 | Zot:5    | Noticed an orb of fire
105600 | Zot:5    | Killed an orb of fire
105603 | Zot:5    | Noticed an ancient lich
105605 | Zot:5    | Killed an ancient lich
105609 | Zot:5    | Noticed an ancient lich
105612 | Zot:5    | Killed an ancient lich
105625 | Zot:5    | Noticed an ancient lich
105627 | Zot:5    | Noticed an orb of fire
105634 | Zot:5    | Noticed an orb of fire
105637 | Zot:5    | Killed an orb of fire
105647 | Zot:5    | Killed an orb of fire
105660 | Zot:5    | Killed an ancient lich
105678 | Zot:5    | Noticed an orb of fire
105686 | Zot:5    | Killed an orb of fire
105701 | Zot:5    | Noticed an ancient lich
105706 | Zot:5    | Killed an ancient lich
105762 | Zot:5    | Noticed an orb of fire
105764 | Zot:5    | Killed an orb of fire
105764 | Zot:5    | Reached skill level 10 in Hexes
105861 | Zot:5    | Noticed an ancient lich
105869 | Zot:5    | Noticed an orb of fire
105878 | Zot:5    | Killed an ancient lich
105882 | Zot:5    | Killed an orb of fire
106000 | Zot:5    | Noticed an ancient lich
106008 | Zot:5    | Killed an ancient lich
106091 | Zot:5    | Got the Orb of Zot
106170 | Zot:5    | Noticed Qezir the pandemonium lord
106177 | Zot:5    | Killed Qezir the pandemonium lord
106569 | D:12     | Noticed Baisisit the pandemonium lord
106573 | D:12     | Killed Baisisit the pandemonium lord
106867 | D:$      | Escaped with the Orb!

Action                   |  1- 3 |  4- 6 |  7- 9 | 10-12 | 13-15 | 16-18 | 19-21 | 22-24 | 25-27 || total
-------------------------+-------+-------+-------+-------+-------+-------+-------+-------+-------++-------
Melee: Unarmed           |   171 |   291 |   698 |   924 |  1885 |  2071 |  1541 |  1930 |  8867 || 18378
       Staff             |       |       |       |       |       |       |     1 |       |    28 ||    29
 Cast: Regeneration      |       |       |       |       |       |       |     4 |     6 |   271 ||   281
       Blade Hands       |       |       |       |       |       |       |     1 |       |    44 ||    45
       Repel Missiles    |       |       |       |       |       |       |       |     1 |    17 ||    18
       Statue Form       |       |       |       |       |       |       |       |       |   279 ||   279
       Stoneskin         |       |       |       |       |       |       |       |       |    26 ||    26
       Phase Shift       |       |       |       |       |       |       |       |       |    29 ||    29
       Necromutation     |       |       |       |       |       |       |       |       |    15 ||    15
       Dragon Form       |       |       |       |       |       |       |       |       |    10 ||    10
       Apportation       |       |       |       |       |       |       |       |       |     7 ||     7
Invok: Bend Time         |       |       |     8 |    11 |    24 |    12 |     1 |     7 |     4 ||    67
       Slouch            |       |       |       |     6 |    11 |    19 |    18 |    11 |    65 ||   130
       Temporal Distorti |       |       |       |     1 |     2 |    11 |    16 |     8 |    62 ||   100
       Step From Time    |       |       |       |       |     1 |     1 |       |     2 |     7 ||    11
 Abil: Evoke Invisibilit |       |       |       |     1 |       |       |       |       |     2 ||     3
       Evoke Flight      |       |       |       |       |       |     2 |       |       |     6 ||     8
       Stop Flying       |       |       |       |       |       |     2 |       |       |     6 ||     8
       End Transformatio |       |       |       |       |       |       |       |       |    28 ||    28
       Evoke Teleportati |       |       |       |       |       |       |       |       |     3 ||     3
Evoke: Wand              |       |       |     6 |    14 |     6 |    40 |     5 |    12 |    39 ||   122
       Phial of floods   |       |       |       |       |       |       |     1 |       |       ||     1
       Rod               |       |       |       |       |       |       |     4 |     7 |       ||    11
       Deck              |       |       |       |       |       |       |       |       |    10 ||    10
  Use: Scroll            |     2 |     3 |    10 |    10 |    11 |     8 |    11 |    19 |    91 ||   165
       Potion            |     1 |     4 |     5 |     8 |     5 |     6 |     8 |     8 |    36 ||    81
 Stab: Invisible         |       |       |       |     5 |       |       |       |       |    22 ||    27
       Distracted        |       |       |       |     1 |       |       |       |       |     6 ||     7
       Confused          |       |       |       |       |     1 |     3 |       |       |       ||     4
       Paralysed         |       |       |       |       |       |     7 |       |       |       ||     7
       Sleeping          |       |       |       |       |       |       |       |       |     1 ||     1
  Eat: Chunk             |     1 |     8 |    20 |    17 |    17 |     7 |     6 |     3 |     9 ||    88
       Bread ration      |     1 |       |     2 |       |       |       |       |       |    11 ||    14
       Beef jerky        |       |     1 |     1 |     7 |     3 |     2 |     1 |     2 |     6 ||    23
       Fruit             |       |       |       |     1 |    12 |    10 |    10 |       |    16 ||    49
       Pizza             |       |       |       |       |     1 |     8 |     1 |       |     6 ||    16
       Royal jelly       |       |       |       |       |       |     6 |    10 |       |     4 ||    20
       Meat ration       |       |       |       |       |       |       |       |     5 |    21 ||    26
